 Dungeon Crawl Stone Soup version 0.17-a0-2093-gc772f4b (webtiles) character file.

405 Hedron the Martial Artist (level 6, -3/42 HPs)
             Began as an Octopode Monk on Oct 17, 2015.
             Was a Priest of Cheibriados.
             Slain by twist's ghost (16 damage)
             ... on level 4 of the Dungeon.
             The game lasted 00:08:59 (3390 turns).

Hedron the Martial Artist (Octopode Monk)           Turns: 3390, Time: 00:08:59

Health: -3/42      AC:  3    Str: 19    XL:     6   Next: 87%
Magic:  6/6        EV: 20    Int: 20    God:    Cheibriados [***...]
Gold:   117        SH:  0    Dex: 29    Spells: 0 memorised, 5 levels left

rFire  . . .     SeeInvis .       - Unarmed
rCold  . . .     Clarity  .     (no shield)
rNeg   . . .     SustAt   .     (helmet restricted)
rPois  .         Gourm    .     (no amulet)
rElec  .         Spirit   .     e - +2 ring of protection
rCorr  .         Warding  .     (no ring)
rMut   .         Stasis   .     (no ring)
MR     .....                    (no ring)
Stlth  +++++.....               (no ring)
                                (no ring)
                                (no ring)
                                (no ring)

@: agile, very slightly contaminated, invisible, very slow, not resistant to
hostile enchantments, quite stealthy
A: almost no armour, amphibious, 8 rings, constrict 8, camouflage 1, gelatinous
body 1
a: Bend Time, Temporal Distortion, Renounce Religion


You were on level 4 of the Dungeon.
You worshipped Cheibriados.
Cheibriados was most pleased with you.
You were not hungry.

You visited 1 branch of the dungeon, and saw 4 of its levels.

You collected 117 gold pieces.

Inventory:

Missiles
 b - 117 stones (quivered)
 k - 10 javelins
 q - 3 tomahawks
Jewellery
 e - a +2 ring of protection (left tentacle)
Wands
 c - a wand of fireball (6)
 m - a wand of fire (0)
 o - a wand of teleportation (5)
Scrolls
 f - 3 scrolls of remove curse
 p - a scroll of magic mapping {unknown}
Potions
 g - a potion of agility
 h - 2 potions of curing
 i - a potion of resistance
 l - a potion of flight {unknown}
 n - 2 potions of cancellation {unknown}
Comestibles
 a - 4 bread rations
 j - 5 chunks of flesh
 r - a royal jelly


   Skills:
 - Level 3.0 Fighting
 - Level 3.0 Dodging
 - Level 2.6 Stealth
 + Level 8.0 Unarmed Combat


You had 5 spell levels left.
You didn't know any spells.

Dungeon Overview and Level Annotations

Branches:
Dungeon (4/15)
 Temple: D:4-7

Altars:
Cheibriados
Dithmenos
Okawaru

Annotations:
D:4 twist's ghost, amateur MfGl


Innate Abilities, Weirdness & Mutations

You cannot wear most types of armour.
You are amphibious.
You can wear up to eight rings at the same time.
You can use your tentacles to constrict eight enemies at once.
Your skin changes colour to match your surroundings (Stealth).
Your rubbery body absorbs attacks (AC +1).


Message History

Twist's ghost is severely damaged.
Evoking this partially-identified wand wasted a few charges.
Twist's ghost barely misses you.
Drink which item? (? for menu, Esc to quit)
You feel agile all of a sudden. Twist's ghost misses you.
A gnoll comes into view. It is wielding a flail of holy wrath.
Drink which item? (? for menu, Esc to quit)
You fade into invisibility!
Twist's ghost completely misses you.
You are very lightly contaminated with residual magic.
You strike the helpless twist's ghost from behind!
You tentacle-slap twist's ghost.
Twist's ghost is almost destroyed.
Twist's ghost barely misses you.
You tentacle-slap twist's ghost but do no damage.
Your squeeze misses twist's ghost.
Twist's ghost is severely damaged.
Twist's ghost hits you!
You die...

# #.# #.# # #.# #.# #
#.# #.# # #.# #.. # #.#
### #
##.#################
####>..................
.....##.......)..#
#######.##.#####@# #
#.##.# #W# # #.#... .†)
. ......# ##)## #
..#...# .g. #..#####
... #..# ... .....


You could see twist's ghost (wandering) and a gnoll.

Vanquished Creatures
  The ghost of zigs the Magician, an amateur SpWz (D:3)
  A scorpion (D:4)
  2 orc wizards (D:4)
  A worker ant (D:4)
  6 gnolls
  3 adders
  An ooze (D:4)
  An adder skeleton (D:4)
  2 worms (D:3)
  4 giant geckos
  10 orcs
  5 bats
  2 giant cockroaches
  2 goblins (D:1)
  7 hobgoblins
  A ball python (D:3)
  11 giant newts
  A jackal skeleton (D:4)
  12 kobolds
  2 quokkas
  10 rats
85 creatures vanquished.

Notes
Turn   | Place    | Note
--------------------------------------------------------------
     0 | D:1      | Hedron the Octopode Monk began the quest for the Orb.
     0 | D:1      | Reached XP level 1. HP: 16/16 MP: 1/1
   187 | D:1      | Reached XP level 2. HP: 21/21 MP: 2/2
   992 | D:2      | Reached skill level 5 in Unarmed Combat
   992 | D:2      | Reached XP level 3. HP: 26/26 MP: 3/3
  1415 | D:2      | Found an iron altar of Okawaru.
  1559 | D:2      | Reached XP level 4. HP: 29/31 MP: 4/4
  1590 | D:2      | Found a snail-covered altar of Cheibriados.
  1641 | D:2      | Became a worshipper of Cheibriados the Contemplative
  1641 | D:2      | Reached * piety under Cheibriados
  1641 | D:2      | Reached ** piety under Cheibriados
  2081 | D:3      | Noticed zigs's ghost (amateur SpWz)
  2093 | D:3      | Killed zigs's ghost
  2093 | D:3      | Reached skill level 6 in Unarmed Combat
  2093 | D:3      | Reached XP level 5. HP: 32/36 MP: 5/5
  2224 | D:3      | Found a shadowy altar of Dithmenos.
  2691 | D:3      | Reached *** piety under Cheibriados
  2787 | D:4      | Reached skill level 7 in Unarmed Combat
  2825 | D:4      | Reached XP level 6. HP: 31/42 MP: 6/6
  3373 | D:4      | Noticed twist's ghost (amateur MfGl)
  3385 | D:4      | Reached skill level 8 in Unarmed Combat
  3390 | D:4      | Slain by twist's ghost

Vault maps used:
D:1:      lemuel_arrival_room, monster_avoids_cloud
D:2:      cheibriados_altar_1, okawaru_ov_weapons_minmay, first_bread
D:3:      grunt_dithmenos_smoke

Action                   |  1- 3 |  4- 6 || total
-------------------------+-------+-------++-------
Melee: Unarmed           |    57 |    95 ||   152
Evoke: Wand              |       |     4 ||     4
  Use: Scroll            |     4 |     4 ||     8
       Potion            |       |     3 ||     3
 Stab: Sleeping          |     9 |     7 ||    16
       Distracted        |     1 |     1 ||     2
       Invisible         |       |     1 ||     1
  Eat: Chunk             |     2 |     3 ||     5
